 Dungeon Crawl Stone Soup version 0.20-a0-277-g7db01f4 (webtiles) character file.

32 FitzyFitz the Digger (level 3, -13/16 HPs)
             Began as a Vine Stalker Earth Elementalist on Dec 11, 2016.
             Killed from afar by Ijyb (21 damage)
             ... with a wand of lightning (?/15)
             ... on level 2 of the Dungeon.
             The game lasted 00:02:36 (1477 turns).

FitzyFitz the Digger (VSEE)                         Turns: 1477, Time: 00:02:37

Health: -13/16     AC:  2    Str: 10    XL:     3   Next: 27%
Magic:  0/7        EV: 12    Int: 16    God:
Gold:   76         SH:  0    Dex: 14    Spells: 5/6 levels left

rFire  . . .     SeeInvis .     a - +0 short sword
rCold  . . .     Gourm    .     c - +0 robe
rNeg   . . .     Faith    .     (no shield)
rPois  .         Spirit   +     (no helmet)
rElec  .         Reflect  .     (no cloak)
rCorr  .         Harm     .     (no gloves)
MR     .....                    (no boots)
Stlth  ++........               (no amulet)
                                (no ring)
                                (no ring)

@: no status effects
A: fangs 2, magic shield, antimagic bite, no device heal 3, rot immunity
a: no special abilities


You were on level 2 of the Dungeon.
You were not hungry.

You visited 1 branch of the dungeon, and saw 2 of its levels.

You collected 76 gold pieces.

Inventory:

Hand Weapons
 a - a +0 short sword (weapon)
 j - a +0 spear
Missiles
 b - 66 stones (quivered)
Armour
 c - a +0 robe (worn)
Scrolls
 f - a scroll of remove curse {unknown}
 h - a scroll of teleportation {unknown}
 k - 2 scrolls of enchant weapon {unknown}
 l - a scroll of identify {unknown}
Books
 e - a book of Geomancy

   Spells                             Type                      Level
   a - Sandblast                      Earth                        1
   b - Passwall                       Transmutation/Earth          2
   c - Stone Arrow                    Conjuration/Earth            3
   d - Petrify                        Transmutation/Earth          4
   e - Lee's Rapid Deconstruction     Earth                        5
Comestibles
 d - 2 bread rations
 g - a meat ration
 i - 4 chunks of flesh


   Skills:
 - Level 1.5 Dodging
 - Level 2.4 Stealth
 - Level 2.1 Spellcasting
   Level 1.0 Transmutations
 + Level 4.2 Earth Magic


You had 5 spell levels left.
You knew the following spells:

 Your Spells              Type           Power        Failure   Level  Hunger
a - Sandblast             Erth           ###...       4%          1    #......


Dungeon Overview and Level Annotations

Branches:
Dungeon (2/15)

Altars:
Fedhas

Annotations:
D:2 Ijyb


Innate Abilities, Weirdness & Mutations

You have extremely sharp teeth.
When hurt, damage is shared between your health and your magic reserves.
Your bite disrupts and absorbs the magic of your enemies.
Potions and wands cannot restore your health.
You are immune to rotting.


Message History

Aim: Ijyb, wielding a club, wearing a scale mail and carrying a wand of lightning (?/15) {zapped: 3} The rocky blast hits Ijyb.
Ijyb is lightly wounded.
Ijyb closely misses you.
a - a +0 short sword (weapon)
Ijyb hits you with a club.
You closely miss Ijyb. You bite Ijyb, but do no damage.
Ijyb is lightly wounded.
Ijyb closely misses you.
You hit Ijyb but do no damage. Your bite misses Ijyb.
Ijyb is lightly wounded.
Ijyb hits you with a club.
You closely miss Ijyb.
Ijyb is lightly wounded.
Ijyb hits you with a club.
You hit Ijyb but do no damage. Your bite misses Ijyb.
Ijyb is lightly wounded.
Ijyb zaps a wand.
The bolt of lightning hits you!
Ouch! That really hurt!
You die...

... ...... ......
.P.P.. . #.._...
... ##..P.P.#
.....####.......#
?.....g@........#
...#.###........#
#........#
#####+##........#
#......#........#
#......#........#
#.....<#.#+##.###
#........# .#
#........# ##


You could see Ijyb.

Vanquished Creatures
  3 leopard geckos (D:1)
  A ball python (D:1)
  2 giant cockroaches (D:1)
  A goblin (D:1)
  9 hobgoblins
  4 bats
  2 frilled lizards (D:1)
  2 kobolds (D:1)
  2 rats (D:1)
26 creatures vanquished.

Notes
Turn   | Place    | Note
-------+----------+-------------------------------------------
     0 | D:1      | FitzyFitz the Vine Stalker Earth Elementalist began the quest for the Orb.
     0 | D:1      | Reached XP level 1. HP: 9/9 MP: 4/4
   307 | D:1      | Reached XP level 2. HP: 13/13 MP: 3/6
   927 | D:1      | Reached skill level 4 in Earth Magic
  1028 | D:1      | Reached XP level 3. HP: 12/16 MP: 7/7
  1457 | D:2      | Found a blossoming altar of Fedhas.
  1462 | D:2      | Noticed Ijyb
  1477 | D:2      | Killed from afar by Ijyb

Vault maps used:
D:1:      dpeg_arrival_three_same_balls
D:2:      overflow_temple_1_default, minmay_item_behind_shaft,
          minmay_misc_feat_plants, fedhas_altar_1, uniq_iyjb

Skill      XL: |  1  2 |
---------------+-------+-----
Earth Magic    | 4 |  4.2
Dodging        | |  1.5
Stealth        | |  2.4
Spellcasting   | |  2.1
Transmutations | |  1.0

Action                   || total
-------------------------++-------
Melee: Unarmed           ||     9
       Short sword       ||    23
       Bite              ||     4
 Cast: Sandblast         ||    46
 Stab: Sleeping          ||     3
  Eat: Chunk             ||     2
Armor: Robe              ||     7
Dodge: Dodged            ||    35
